 Dungeon Crawl Stone Soup version 0.31-a0-229-g1fc7ce93e2 (webtiles) character file.

Game seed: 2369739942011248745

47 qw the Shooter (level 3, -2/29 HPs)
             Began as a Minotaur Hexslinger on July 6, 2023.
             Slain by Sigmund
             ... wielding a +0 scythe
              (7 damage)
             ... on level 3 of the Dungeon.
             The game lasted 00:00:32 (1097 turns).

qw the Shooter (Minotaur Hexslinger)                Turns: 1097, Time: 00:00:33

Health: -2/29      AC:  9    Str: 12    XL:     3   Next: 48%
Magic:  3/3        EV: 11    Int: 10    God:
Gold:   42         SH:  0    Dex: 14    Spells: 3/4 levels left

rFire   . . .        Y - +1 sling
rCold   . . .        (no shield)
rNeg    . . .        j - +0 ring mail
rPois   .            (helmet restricted)
rElec   .            (no cloak)
rCorr   .            (no gloves)
SInv    .            (no boots)
Will    .....        (no amulet)
Stlth   +            g - +4 ring of protection
HPRegen 0.24/turn    (no ring)
MPRegen 0.08/turn

%: no passive effects
@: no status effects
A: horns 2, retaliatory headbutt
a: no special abilities


You were on level 3 of the Dungeon.
You visited 1 branch of the dungeon, and saw 3 of its levels.

You collected 102 gold pieces.
You spent 60 gold pieces at shops.


Innate Abilities, Weirdness & Mutations

You have a pair of horns on your head.
You reflexively headbutt those who attack you in melee.


   Skills:
 - Level 2.0 Fighting
 - Level 4.0 Ranged Weapons
 + Level 0.4 Armour
 - Level 2.1 Dodging
 - Level 1.0 Spellcasting
 - Level 2.0 Hexes


You had 3 spell levels left.
You knew the following spells:

 Your Spells              Type           Power      Damage    Failure   Level
a - Slow                  Hex            16%        N/A       34%         1

Your spell library contained the following spells:

 Spells                   Type           Power      Damage    Failure   Level
 Inner Flame              Hex/Fire       2%         N/A       83%         3
 Portal Projectile        Hex/Tloc       4%         N/A       83%         3
 Cause Fear               Hex            2%         N/A       98%         4

Inventory:

Hand Weapons
 Y - a +1 sling (weapon)
Armour
 j - a +0 ring mail (worn)
Jewellery
 g - a +4 ring of protection (left hand)
Scrolls
 k - a scroll of identify
Potions
 d - a potion of heal wounds

Dungeon Overview and Level Annotations

Branches:
Dungeon (3/15)

Altars:

Shops:
D:1 ?   D:2 !

Annotations:
D:3 Sigmund


Message History

1082 ||| (to cure confusion)
A magic dart appears from out of thin air!
The magic dart hits you but does no damage.
You shoot a sling bullet.
The sling bullet barely misses the goblin.
You hear some strange, mumbled words.
A puff of flame appears from out of thin air!
The puff of flame hits you. Something hits you but does no damage.
You shoot a sling bullet. The sling bullet hits the goblin.
You kill the goblin!
Something hits you.
You shoot a sling bullet. Something completely misses you.
You shoot a sling bullet. You shoot a sling bullet. Something hits you.
You shoot a sling bullet. Something hits you.
You shoot a sling bullet. Something hits you but does no damage.
You shoot a sling bullet. Something hits you.
You shoot a sling bullet. Something hits you but does no damage.
You shoot a sling bullet.
A magic dart appears from out of thin air!
The magic dart hits you!
You shoot a sling bullet.
A magic dart appears from out of thin air!
The magic dart hits you.
You shoot a sling bullet. Something hits you but does no damage.
You shoot a sling bullet. Something hits you.
You shoot a sling bullet.
You hear some strange, mumbled words.
Something tries to affect you, but you resist.
You shoot a sling bullet. Something hits you!
You die...

#.# #.#
############## #.#
#.............
#.###.............
#.................
#####...).........
#.............
##.............
......).@.......
.................
####.....{.......
#.............
#.....$.......
#.............
#.............
#...........[.


There were no monsters in sight!

Vanquished Creatures
  An adder (D:2)
  A dart slug (D:1)
  4 ball pythons
  An endoplasm (D:3)
  5 goblins
  5 hobgoblins
  2 jackals (D:2)
  A kobold (D:3)
  A quokka (D:1)
  7 bats
  2 frilled lizards
  4 rats (D:2)
34 creatures vanquished.

Notes
Turn   | Place    | Note
-------+----------+-------------------------------------------
     0 | D:1      | qw the Minotaur Hexslinger began the quest for the Orb.
     0 | D:1      | Reached XP level 1. HP: 16/16 MP: 1/1
     0 | D:1      | 0 ||| qw: Version: 0.3-a-46-gb1f654a
     0 | D:1      | 0 ||| qw: Game counter: 1567
     0 | D:1      | 0 ||| qw: Melee chars always use a shield: true
     0 | D:1      | 0 ||| qw: God list: Okawaru
     0 | D:1      | 0 ||| qw: Allow faded altars: false
     0 | D:1      | 0 ||| qw: Do Orc after clearing Dungeon:15 true
     0 | D:1      | 0 ||| qw: Do second Lair branch before Depths: true
     0 | D:1      | 0 ||| qw: Lair rune preference: random
     0 | D:1      | 0 ||| qw: Goals: Normal
     0 | D:1      | 0 ||| PLANNING D:1-11
   114 | D:1      | Reached skill level 3 in Ranged Weapons
   129 | D:1      | Reached XP level 2. HP: 23/23 MP: 2/2
   187 | D:1      | Found Joatzi's Magic Scroll Boutique.
   200 | D:1      | 200 ||| BUYING scroll of identify (24 gold).
   200 | D:1      | Bought a scroll of identify for 24 gold pieces
   200 | D:1      | 200 ||| SHOPLISTING scroll of teleportation (36 gold, have
                  | 22).
   400 | D:1      | 400 ||| UPGRADING to +0 leather armour.
   410 | D:1      | 410 ||| DROPPING +0 robe.
   411 | D:1      | 411 ||| UPGRADING to +0 ring mail.
   421 | D:1      | 421 ||| DROPPING +0 leather armour.
   422 | D:1      | 422 ||| UPGRADING to +4 ring of protection.
   423 | D:1      | 423 ||| READING 2 scrolls labelled PALATWENEL.
   424 | D:1      | 424 ||| READING scroll labelled GOYSEKLOQE.
   427 | D:1      | 427 ||| READING scroll labelled ORPHAG SEUSKA KAU.
   428 | D:1      | 428 ||| DRINKING 4 glowing grey potions.
   429 | D:1      | 429 ||| DROPPING scroll of noise.
   430 | D:1      | 430 ||| DROPPING scroll of poison.
   431 | D:1      | 431 ||| DROPPING 3 potions of brilliance.
   546 | D:2      | Reached XP level 3. HP: 20/29 MP: 3/3
   546 | D:2      | 546 ||| FLEEEEING.
   614 | D:2      | Found a faded altar of an unknown god.
   842 | D:2      | Found Nougik's Distillery.
   848 | D:2      | 848 ||| SHOPLISTING potion of cancellation (96 gold, have
                  | 63).
   848 | D:2      | 848 ||| BUYING potion of curing (36 gold).
   848 | D:2      | Bought a potion of curing for 36 gold pieces
   848 | D:2      | 848 ||| SHOPLISTING potion of curing (36 gold, have 27).
   848 | D:2      | 848 ||| SHOPLISTING potion of haste (120 gold, have 27).
   848 | D:2      | 848 ||| SHOPLISTING potion of mutation (96 gold, have 27).
   848 | D:2      | 848 ||| SHOPLISTING potion of resistance (120 gold, have
                  | 27).
   913 | D:2      | Reached skill level 4 in Ranged Weapons
  1028 | D:2      | 1028 ||| DROPPING ring of magical power.
  1029 | D:2      | 1029 ||| READING scroll labelled GIRIKKURUL.
  1030 | D:2      | 1030 ||| READING scroll labelled ZIULUL UNLUMI.
  1031 | D:2      | 1031 ||| READING 2 scrolls of identify.
  1031 | D:2      | 1031 ||| IDENTIFYING clear potion
  1075 | D:3      | Noticed Sigmund
  1082 | D:3      | 1082 ||| DRINKING potion of curing.
  1082 | D:3      | 1082 ||| (to cure confusion)
  1092 | D:3      | HP: 7/29 [something/magic dart (9)]
  1097 | D:3      | Slain by Sigmund

Levels and vault maps discovered:
D:1:      minmay_arrival_shoal_huts, layout_rooms, serial_shops,
          nicolae_shop_crystal
D:2:      layout_basic, serial_shops, shop,
          shapermc_ecumenical_altar_starsandcircs
D:3:      layout_basic, mainiacjoe_overflow_tiny_flanked, uniq_sigmund

Skill      XL: |  1  2  3 |
---------------+----------+-----
Ranged Weapons | 3 4 |  4.0
Fighting       | 2 |  2.0
Armour         | |  0.4
Dodging        | |  2.1
Spellcasting   | |  1.0
Hexes          | |  2.0

Action                     || total
---------------------------++-------
   Fire: Sling             ||   117
    Use: Scroll            ||     6
         Potion            ||     2
 Armour: Robe              ||     8
         Ring mail         ||    28
  Dodge: Dodged            ||    24

Table legend:
 A = Non-vault XP
 B = Vault XP
 C = Vault XP percentage of total XP
 D = Non-vault monster count
 E = Vault monster count
 F = Vault count percentage of total count
                 A         B        C        D         E       F
            +---------+---------+-------+---------+---------+-------
      Total |      68 |       0 |   0.0 |      34 |       0 |   0.0
            +---------+---------+-------+---------+---------+-------
        D:1 |      16 |       0 |   0.0 |       9 |       0 |   0.0
        D:2 |      47 |       0 |   0.0 |      22 |       0 |   0.0
        D:3 |       5 |       0 |   0.0 |       3 |       0 |   0.0
            +---------+---------+-------+---------+---------+-------
